[Event "Early-Titled-Tuesday-Blitz-May-07-2024"]
[Site "Chess.com"]
[Date "2024.05.07"]
[Round "7"]
[White "Sanyura"]
[Black "kekic76"]
[Result "1-0"]
[WhiteElo "2602"]
[BlackElo "2345"]
[TimeControl "180+1"]
[EndTime "9:19:46 PDT"]
[Termination "Sanyura won on time"]

1. Nf3 d5 2. d4 Nf6 3. e3 e6 4. Be2 Be7 5. O-O O-O 6. c4 c6 7. cxd5 cxd5 8. Nc3 Nc6 9. Bd2 b6 10. Rc1 Bb7 11. Qa4 a6 12. Ne5 b5 13. Nxc6 Bxc6 14.
Qd1 Bb7 15. a3 Nd7 16. f4 f5 17. g4 Nf6 18. g5 Ne4 19. Nxe4 fxe4 20. a4 bxa4 21.
Qxa4 Qb6 22. Qd7 Qxb2 23. Qxe7 Qxd2 24. Rc7 Qxe3+ 25. Kh1 Qxd4 26. Rxb7 Rae8 27. Qc7 Rc8 28. Qd7 Rc2 29. Bg4 e3 30. Qxe6+ Kh8 31. Re7 e2 32. Bxe2 g6 33. Qh3 1-0

[Event "Early-Titled-Tuesday-Blitz-May-07-2024"]
[Site "Chess.com"]
[Date "2024.05.07"]
[Round "7"]
[White "Elegance_Riks"]
[Black "Senn71"]
[Result "1-0"]
[WhiteElo "2730"]
[BlackElo "2248"]
[TimeControl "180+1"]
[EndTime "9:19:50 PDT"]
[Termination "Elegance_Riks won by resignation"]

1. Nf3 d5 2. g3 Nf6 3. Bg2 c6 4. O-O Bg4 5. c4 e6 6. cxd5 cxd5 7. Ne5 Bh5 8. Nc3 Bd6 9. d4 O-O 10. Bf4 a6 11. Rc1 Qe7 12. Na4 Nbd7 13. Qd2 Rfc8 14. Qe3 b5 15. Nxd7 Nxd7 16. Bxd6 Qxd6 17. Nc5 Nxc5 18.
dxc5 Qc6 19. Rfe1 b4 20. Qd4 a5 21. e4 Rd8 22. exd5 exd5 23. Re5 Bg6 24. Bxd5 Qf6 25. Bxa8 1-0

[Event "Early-Titled-Tuesday-Blitz-May-07-2024"]
[Site "Chess.com"]
[Date "2024.05.07"]
[Round "7"]
[White "Lucky_Puncher"]
[Black "KorolDimitriy75"]
[Result "1-0"]
[WhiteElo "2545"]
[BlackElo "2374"]
[TimeControl "180+1"]
[EndTime "9:19:55 PDT"]
[Termination "Lucky_Puncher won on time"]

1. d4 Nf6 2. c4 c5 3. d5 b5 4. cxb5 a6 5. e3 axb5 6. Bxb5 Qa5+ 7. Nc3 Bb7 8. Bd2 Qb6 9. a4 Nxd5 10. Nf3 e6 11.
O-O Nb4 12. e4 Be7 13. Ne5 O-O 14. Bf4 d5 15. exd5 exd5 16. Re1 d4 17. Ne4 Nd5 18. Bg3 f5 19. Nc4 Qg6 20. Ned6 f4 21. Nxb7 fxg3 22. hxg3 Bg5 23. Nxc5 Nc6 24. Ne6 Rfe8 25. Bxc6 Rxe6 26.
Rxe6 Qxe6 27. Bxa8 1-0

[Event "Early-Titled-Tuesday-Blitz-May-07-2024"]
[Site "Chess.com"]
[Date "2024.05.07"]
[Round "7"]
[White "Lestofante90"]
[Black "Suleyman_Chess06"]
[Result "1/2-1/2"]
[WhiteElo "2970"]
[BlackElo "2808"]
[TimeControl "180+1"]
[EndTime "9:19:56 PDT"]
[Termination "Game drawn by agreement"]

1. d4 d5 2. c4 dxc4 3. Nf3 Nf6 4. e3 e6 5. Bxc4 c5 6. O-O a6 7. b3 b5 8. Be2 Bb7 9. Bb2 Nbd7 10. Nbd2 Be7 11. a4 b4 12. Ne5 O-O 13. Bf3 Qc7 14.
Rc1 Nxe5 15. dxe5 Nd5 16. Nc4 Rfd8 17. Qc2 Rd7 18. Be4 h6 19. Nd6 Bxd6 20. exd6 Qxd6 21. Qxc5 Qxc5 22. Rxc5 Rad8 23. Bf3 Nf6 24. Bxf6 gxf6 25. Rc4 Bxf3 26. gxf3 a5 27. Rc5 Rd3 28. Rxa5 Rxb3 29. Rb5 Rb2 30. a5 Rdd2 31. a6 Ra2 32. Rxb4 Rxa6 33. Kg2 Raa2 34. h4 h5 35. Kg3 Kg7 36. Rb8 f5 37. f4 1/2-1/2

[Event "Early-Titled-Tuesday-Blitz-May-07-2024"]
[Site "Chess.com"]
[Date "2024.05.07"]
[Round "7"]
[White "Burgsvik"]
[Black "akanga001"]
[Result "1-0"]
[WhiteElo "2326"]
[BlackElo "2156"]
[TimeControl "180+1"]
[EndTime "9:19:59 PDT"]
[Termination "Burgsvik won by resignation"]

1. e4 e6 2. d4 d5 3. e5 c5 4. c3 Ne7 5. a3 Nec6 6. b4 cxd4 7. cxd4 a5 8. b5 Ne7 9. a4 Nd7 10. Bd3 Nb6 11. Nd2 Nf5 12. Bxf5 exf5 13. Ne2 g5 14. O-O Be6 15. Nb3 f4 16. Nc5 Rb8 17. Nxe6 fxe6 18. Bxf4 gxf4 19. Nxf4 Qe7 20. Qh5+ Qf7 21.
Qg4 Kd7 22. Rac1 Rg8 23. Rc7+ Kxc7 24. Nxe6+ Kc8 25. Ng5+ Kd8 26. Nxf7+ 1-0

[Event "Early-Titled-Tuesday-Blitz-May-07-2024"]
[Site "Chess.com"]
[Date "2024.05.07"]
[Round "7"]
[White "SirStrateg"]
[Black "Szparu"]
[Result "1-0"]
[WhiteElo "2701"]
[BlackElo "2921"]
[TimeControl "180+1"]
[EndTime "9:20:02 PDT"]
[Termination "SirStrateg won by resignation"]

1. d4 d5 2. Bf4 c5 3. e3 Nc6 4. c3 Qb6 5. Qb3 c4 6. Qc2 e5 7. dxe5 Bf5 8. Qc1 g5 9. Bxg5 Nxe5 10. Nf3 Nd3+ 11. Bxd3 Bxd3 12. Nbd2 f6 13. Bf4 Ne7 14. Nd4 Ng6 15. N2f3 Nxf4 16. exf4 Kf7 17. Kd1 Bc5 18. Re1 Rae8 19. Rxe8 Rxe8 20. b4 Bd6 21. a4 a5 22. bxa5 Qc7 23. g3 Qe7 24. Kd2 Bc5 25. Qb2 Qe4 26. Re1 Qxe1+ 27. Nxe1 Bxd4 28. Qxb7+ Re7 29. Qxd5+ 1-0

[Event "Early-Titled-Tuesday-Blitz-May-07-2024"]
[Site "Chess.com"]
[Date "2024.05.07"]
[Round "7"]
[White "kemelgallo"]
[Black "Rosh1610"]
[Result "1-0"]
[WhiteElo "2653"]
[BlackElo "2490"]
[TimeControl "180+1"]
[EndTime "9:20:02 PDT"]
[Termination "kemelgallo won by resignation"]

1. e4 e5 2. Nf3 Nc6 3. Bb5 a6 4. Ba4 Nf6 5. O-O Nxe4 6. Re1 Nc5 7. Nxe5 Nxe5 8. Rxe5+ Be7 9. Nc3 O-O 10. Bb3 Nxb3 11.
axb3 d6 12. Re1 Be6 13. Qf3 Rb8 14. d3 Qd7 15. h3 d5 16. Bf4 Rbd8 17. Qg3 Bd6 18. Ne2 Bf5 19. Nd4 Bxf4 20. Qxf4 Bg6 21. Re2 c5 22. Nf3 f6 23. Rae1 Rf7 24. Nh4 d4 25.
Re6 Rdf8 26. Qg3 Bh5 27. Nf5 Kh8 28. Nd6 f5 29. Nxf7+ Bxf7 30. Qd6 Qc8 31. Re7 Kg8 32. Rc7 Qb8 33. Qxc5 f4 34. Ree7 f3 35. Qf5 Qd8 36. Rxf7 1-0

[Event "Early-Titled-Tuesday-Blitz-May-07-2024"]
[Site "Chess.com"]
[Date "2024.05.07"]
[Round "7"]
[White "yonaltimur"]
[Black "SpongeBob_03"]
[Result "0-1"]
[WhiteElo "2372"]
[BlackElo "2256"]
[TimeControl "180+1"]
[EndTime "9:20:02 PDT"]
[Termination "SpongeBob_03 won by resignation"]

1. e4 c5 2. Nf3 e6 3. d4 cxd4 4.
Nxd4 Nf6 5. Nc3 Nc6 6. Nxc6 bxc6 7. e5 Nd5 8. Ne4 Qc7 9. f4 Qb6 10. c4 Bb4+ 11. Ke2 Ba6 12. Kf3 f5 13. exf6 Nxf6 14.
Be3 c5 15. Nxf6+ gxf6 16. Bd3 Bb7+ 17. Kf2 Qc6 18. Rg1 O-O-O 19. a3 Ba5 20. b4 cxb4 21.
axb4 Bxb4 22. Rxa7 Bc5 23. Ra2 Bxe3+ 24. Kxe3 d5 25. Qb3 Qc5+ 26. Kd2 Qxg1 27. Ra7 Qxa7 0-1

[Event "Early-Titled-Tuesday-Blitz-May-07-2024"]
[Site "Chess.com"]
[Date "2024.05.07"]
[Round "7"]
[White "Iball95"]
[Black "DenisQ"]
[Result "1/2-1/2"]
[WhiteElo "2915"]
[BlackElo "2719"]
[TimeControl "180+1"]
[EndTime "9:20:04 PDT"]
[Termination "Game drawn by agreement"]

1. e4 c6 2. d4 d5 3. exd5 cxd5 4. c4 Nf6 5. Nc3 Nc6 6. Nf3 Bg4 7. cxd5 Nxd5 8. h3 Bxf3 9. Qxf3 e6 10. Bb5 Be7 11. O-O O-O 12. Nxd5 Qxd5 13. Qxd5 exd5 14. Be3 Bf6 15.
Rfd1 Rac8 16. Rac1 a6 17. Ba4 Rfd8 18. Kf1 Kf8 19. Bb3 Ne7 20. g4 Rxc1 21. Rxc1 Nc6 22. Rd1 Na5 23. Bc2 Nc4 24. b3 Nxe3+ 25. fxe3 h6 26. Bd3 Rc8 27. Ke2 Ke7 28. Kd2 g6 29.
Rf1 Bg5 30. Be2 Ke6 31. Bf3 b5 32. Be2 Rc7 33. Ra1 Kd6 34. a4 b4 35. Bxa6 Rc3 36.
Bd3 Rxb3 37. a5 Ra3 38. Rb1 Rxa5 39. Rxb4 Ra2+ 40. Bc2 Bxe3+ 41. Kd3 Ra3+ 42. Rb3 Rxb3+ 43. Bxb3 Bf2 44. Ba2 1/2-1/2

[Event "Early-Titled-Tuesday-Blitz-May-07-2024"]
[Site "Chess.com"]
[Date "2024.05.07"]
[Round "7"]
[White "juancruzarias"]
[Black "miaou33"]
[Result "0-1"]
[WhiteElo "2719"]
[BlackElo "2573"]
[TimeControl "180+1"]
[EndTime "9:20:04 PDT"]
[Termination "miaou33 won by resignation"]

1. d4 d5 2. Nf3 Nf6 3. c4 c6 4. g3 Bf5 5. Nc3 e6 6. Qb3 Qb6 7. c5 Qc7 8. Bf4 Qc8 9. Nh4 Nbd7 10.
Bg2 Be7 11. O-O O-O 12. Nxf5 exf5 13. Qc2 g6 14. b4 Re8 15. Rab1 Ne4 16. b5 Bf6 17.
bxc6 bxc6 18. Rfd1 Ndxc5 19. e3 Nxc3 20. Qxc3 Ne4 21.
Bxe4 fxe4 22. Rdc1 Re6 23. Qa5 Bd8 24. Qa4 g5 25.
Be5 f6 26. Bb8 Rxb8 27. Qxa7 Ra8 28. Qc5 Be7 29. Qc2 Qa6 30. Qe2 Qxe2 0-1

[Event "Early-Titled-Tuesday-Blitz-May-07-2024"]
[Site "Chess.com"]
[Date "2024.05.07"]
[Round "7"]
[White "MagnusCarlsen"]
[Black "NikitaShnadrygin"]
[Result "1-0"]
[WhiteElo "3206"]
[BlackElo "2702"]
[TimeControl "180+1"]
[EndTime "9:20:05 PDT"]
[Termination "MagnusCarlsen won by resignation"]

1. a4 e5 2. Ra3 Bxa3 3. Nxa3 Nf6 4. b3 O-O 5. Bb2 Re8 6. e3 d5 7. Nf3 Nc6 8. h3 a6 9. Be2 h6 10. O-O Bf5 11. d4 exd4 12. Nxd4 Nxd4 13. Bxd4 Qd6 14.
Qa1 c5 15. Bb2 d4 16. Nc4 Qc7 17. Bf3 b5 18. axb5 Be4 19. Bxe4 Nxe4 20. b6 Qc6 21. exd4 cxd4 22. Bxd4 f6 23. Re1 Ng5 24. Rxe8+ Rxe8 25. Be3 Rd8 26. Qc1 Ne4 27. Qe1 Re8 28. Qb4 Qb5 29.
Qxb5 axb5 30. Na5 g5 31. c4 bxc4 32. bxc4 f5 33. b7 f4 34. Ba7 1-0

[Event "Early-Titled-Tuesday-Blitz-May-07-2024"]
[Site "Chess.com"]
[Date "2024.05.07"]
[Round "7"]
[White "JG-17"]
[Black "mapleaff"]
[Result "1-0"]
[WhiteElo "2533"]
[BlackElo "2272"]
[TimeControl "180+1"]
[EndTime "9:20:06 PDT"]
[Termination "JG-17 won by resignation"]

1. d4 Nf6 2. Nf3 d5 3. g3 e6 4. Bg2 Be7 5. c4 O-O 6. O-O dxc4 7. Qc2 b5 8. a4 Bb7 9. axb5 a6 10. Nc3 axb5 11.
Rxa8 Bxa8 12. Nxb5 Bd5 13. Bf4 c5 14. Rd1 Qb6 15.
Na3 cxd4 16. Nxc4 Qb7 17. Nd6 Qa6 18. Qc7 Bxf3 19. Bxf3 Bd8 20. Qxb8 Bb6 21. Qb7 Qxb7 22. Nxb7 Ra8 23. Nc5 Bxc5 24. Bxa8 1-0

[Event "Early-Titled-Tuesday-Blitz-May-07-2024"]
[Site "Chess.com"]
[Date "2024.05.07"]
[Round "7"]
[White "abelmat"]
[Black "mary-sanna"]
[Result "1-0"]
[WhiteElo "2028"]
[BlackElo "2203"]
[TimeControl "180+1"]
[EndTime "9:20:07 PDT"]
[Termination "abelmat won by resignation"]

1. d4 d5 2. c4 e6 3. Nf3 Nf6 4. Nc3 Be7 5. Bf4 O-O 6. e3 dxc4 7. Bxc4 c5 8. O-O Nc6 9. a3 cxd4 10. exd4 a6 11. Re1 b5 12. Ba2 Bb7 13. Rc1 Qd7 14.
Ne5 Nxe5 15. dxe5 Nd5 16. Nxd5 exd5 17. e6 fxe6 18. Rc7 Qd8 19. Bg3 Bc8 20. Bxd5 Bd6 21. Rxc8 Rxc8 22. Bxe6+ Kh8 23. Bxd6 Rf6 24. Bxc8 Rxd6 25.
Qxd6 Qxc8 26. Qe6 1-0

[Event "Early-Titled-Tuesday-Blitz-May-07-2024"]
[Site "Chess.com"]
[Date "2024.05.07"]
[Round "7"]
[White "zajka-molotok"]
[Black "PhileKhoob"]
[Result "1-0"]
[WhiteElo "2527"]
[BlackElo "2303"]
[TimeControl "180+1"]
[EndTime "9:20:14 PDT"]
[Termination "zajka-molotok won by resignation"]

1. b3 Nf6 2. Bb2 g6 3. e3 Bg7 4. Nf3 O-O 5. d4 d5 6. Be2 c5 7. O-O Nc6 8. c4 cxd4 9. Nxd4 Nxd4 10. Qxd4 e5 11. Qh4 dxc4 12. Bxe5 cxb3 13. Nc3 Nd5 14. Qd4 Nxc3 15. Qxc3 Bxe5 16. Qxe5 bxa2 17. Rxa2 Be6 18. Rb2 Qd5 19. Qf6 Rab8 20. Bf3 Qd6 21. h4 Qd8 22. Qf4 Qe7 23. h5 g5 24. Qd4 b6 25. h6 f5 26.
Ra1 Rbd8 27. Qe5 Rd7 28. Bc6 Rd6 29. Rxa7 Qxa7 30. Qxd6 Qa1+ 31. Kh2 Qxb2 32. Qxe6+ Kh8 33. Bd5 Qb4 34. Qe5+ 1-0

[Event "Early-Titled-Tuesday-Blitz-May-07-2024"]
[Site "Chess.com"]
[Date "2024.05.07"]
[Round "7"]
[White "ChelsieMonica"]
[Black "RebecaJimnz"]
[Result "1-0"]
[WhiteElo "2524"]
[BlackElo "2296"]
[TimeControl "180+1"]
[EndTime "9:20:15 PDT"]
[Termination "ChelsieMonica won by resignation"]

1. c4 e5 2. g3 Nc6 3. Bg2 g6 4. Nf3 Bg7 5. Nc3 d6 6. d3 Be6 7.
O-O h6 8. Rb1 Qd7 9. b4 Bh3 10.
b5 Nd8 11. a4 Bxg2 12. Kxg2 f5 13. e4 f4 14. gxf4 exf4 15. d4 g5 16. e5 Ne7 17.
Kh1 Ne6 18. d5 Nc5 19. Ba3 Qh3 20. Bxc5 dxc5 21. Ne4 O-O 22. Rb3 g4 23. Nfg5 Qh4 24. Ne6 Rf5 25. Nxg7 Kxg7 26. Nf6 Rg5 27. Rg1 h5 28. d6 Nf5 29. dxc7 Kg6 30. Qd7 Ng7 31.
c8=Q Rxc8 32. Qxc8 g3 33. fxg3 fxg3 34. Rbxg3 Qxc4 35. Rxg5+ 1-0

[Event "Early-Titled-Tuesday-Blitz-May-07-2024"]
[Site "Chess.com"]
[Date "2024.05.07"]
[Round "7"]
[White "2Coaches1Profile"]
[Black "emeli_chess"]
[Result "1-0"]
[WhiteElo "2580"]
[BlackElo "2426"]
[TimeControl "180+1"]
[EndTime "9:20:17 PDT"]
[Termination "2Coaches1Profile won by checkmate"]

1. e4 e5 2. Nc3 Nf6 3. f4 d5 4. fxe5 Nxe4 5. Qf3 Nxc3 6. dxc3 Be7 7. Bf4 O-O 8. O-O-O c6 9. Kb1 f6 10. Qg3 Na6 11.
Bxa6 bxa6 12. Nf3 fxe5 13. Bxe5 Bf6 14. Rhe1 Bxe5 15. Rxe5 Qf6 16. Rde1 Bf5 17. Nd4 Be4 18. Re6 Qf2 19. Rxc6 Qxg3 20. hxg3 Rf2 21. Rg1 Raf8 22. b4 Rd2 23. Rxa6 Rff2 24. Rc1 Rxg2 25. Rxa7 h5 26. b5 Rxg3 27. b6 Rg6 28. b7 Rb6+ 29. Ka1 h4 30. Rb1 Rxb1+ 31. Kxb1 h3 32. b8=Q+ Kh7 33.
Qg3 h2 34. Qxg7# 1-0

[Event "Early-Titled-Tuesday-Blitz-May-07-2024"]
[Site "Chess.com"]
[Date "2024.05.07"]
[Round "7"]
[White "kleinebeer98"]
[Black "Hikaru"]
[Result "0-1"]
[WhiteElo "2942"]
[BlackElo "3232"]
[TimeControl "180+1"]
[EndTime "9:20:19 PDT"]
[Termination "Hikaru won by resignation"]

1. e4 a6 2. d4 e6 3. Nc3 d5 4.
Nf3 dxe4 5. Nxe4 Nf6 6. Nxf6+ gxf6 7. g3 b6 8. Bg2 Bb7 9. O-O Nc6 10. c4 Ne7 11. Re1 Qd7 12. a4 a5 13. Bd2 O-O-O 14. b4 Nc6 15. bxa5 bxa5 16. Rb1 Bb4 17. Bh3 Nxd4 18. Nxd4 Qxd4 19. Qh5 Qxd2 20. Qxf7 Kb8 21. Rxe6 Qc2 22. Rf1 Qxc4 23. Bg2 Rhf8 0-1

[Event "Early-Titled-Tuesday-Blitz-May-07-2024"]
[Site "Chess.com"]
[Date "2024.05.07"]
[Round "7"]
[White "HajiyevKanan"]
[Black "sudtirolese06"]
[Result "1-0"]
[WhiteElo "2580"]
[BlackElo "2434"]
[TimeControl "180+1"]
[EndTime "9:20:25 PDT"]
[Termination "HajiyevKanan won by resignation"]

1. d4 g6 2. Nf3 Bg7 3. g3 d6 4. Bg2 Nf6 5. O-O O-O 6. b3 c5 7. Bb2 Nc6 8. c4 d5 9. cxd5 Nxd5 10.
e4 Nb6 11. e5 cxd4 12. Re1 Bg4 13. h3 Bxf3 14. Bxf3 Nxe5 15. Bxb7 Rb8 16. Bg2 e6 17. Na3 Nd5 18. Bxd4 Qa5 19. Bxe5 Bxe5 20. Nc4 Qxe1+ 21. Qxe1 Bxa1 22. Qxa1 Rfc8 23. h4 Rc5 24. h5 gxh5 25. Qe5 Rbc8 26. Qxh5 Ne7 27. Qg4+ Ng6 28. Qd4 h5 29. Be4 Ne7 30. Qf6 Nf5 31. Qg5+ Ng7 32.
Qh6 f5 33. Bf3 Rd8 34. Bxh5 f4 35. Bg6 Rd1+ 36. Kg2 Rf5 37. Qh7+ 1-0

[Event "Early-Titled-Tuesday-Blitz-May-07-2024"]
[Site "Chess.com"]
[Date "2024.05.07"]
[Round "7"]
[White "sterpfi"]
[Black "Zarinur"]
[Result "0-1"]
[WhiteElo "2311"]
[BlackElo "2539"]
[TimeControl "180+1"]
[EndTime "9:20:25 PDT"]
[Termination "Zarinur won by resignation"]

1. e4 e5 2. Nf3 Nc6 3. Bc4 Nf6 4. d4 exd4 5. e5 d5 6. Bb5 Ne4 7. Nxd4 Bc5 8. Be3 O-O 9. Nxc6 bxc6 10. Bxc6 Bxe3 11.
fxe3 Qh4+ 12. g3 Nxg3 13. Qd4 Ne4+ 14. Kd1 Rb8 15. Nd2 Nf2+ 16. Ke2 Bg4+ 17. Nf3 Nxh1 18. Rxh1 Bxf3+ 19. Kxf3 Qxd4 20. exd4 Rxb2 21. Bxd5 Rxc2 22. h4 Rd8 23. Rb1 g6 24. Rb5 c6 0-1

[Event "Early-Titled-Tuesday-Blitz-May-07-2024"]
[Site "Chess.com"]
[Date "2024.05.07"]
[Round "7"]
[White "azikom"]
[Black "ab-lsv"]
[Result "1-0"]
[WhiteElo "2736"]
[BlackElo "2376"]
[TimeControl "180+1"]
[EndTime "9:20:31 PDT"]
[Termination "azikom won by resignation"]

1. c4 c5 2. Nc3 g6 3. g3 Bg7 4. Bg2 Nc6 5. h4 h6 6. a3 d6 7. d3 e5 8. h5 g5 9. f4 gxf4 10. gxf4 Nge7 11. Nf3 Rg8 12. fxe5 dxe5 13. Be3 b6 14.
Nd2 Bb7 15. Qa4 Qd7 16. O-O-O O-O-O 17. Nd5 f5 18. Nxe7+ Nxe7 19. Bxb7+ Kxb7 20. Qxd7+ Rxd7 21. Rdg1 Rdd8 22. Kc2 f4 23. Bf2 Nf5 24. Rg6 Ne7 25.
Re6 Rde8 26. Rg1 Kc7 27. Ne4 Kd7 28. Rd6+ Kc7 29. b4 Rd8 30. bxc5 bxc5 31. Bxc5 Rxd6 32. Bxd6+ Kd7 33. Bxe7 Kxe7 34. Rg6 Kf7 35. Nd6+ 1-0

[Event "Early-Titled-Tuesday-Blitz-May-07-2024"]
[Site "Chess.com"]
[Date "2024.05.07"]
[Round "7"]
[White "TheoSlade"]
[Black "Stanbad1"]
[Result "0-1"]
[WhiteElo "2475"]
[BlackElo "2606"]
[TimeControl "180+1"]
[EndTime "9:20:32 PDT"]
[Termination "Stanbad1 won on time"]

1. d4 Nf6 2. c4 c5 3. d5 b5 4. cxb5 a6 5. bxa6 g6 6. Nc3 Bg7 7. e4 O-O 8. e5 Ne8 9. Nf3 d6 10. exd6 Nxd6 11. Be2 Bxa6 12. O-O Qb6 13. a4 Nd7 14.
Re1 Rfe8 15. Bxa6 Qxa6 16. Bg5 Kf8 17. Qc2 Nb6 18. b3 Rac8 19. Rac1 Qa5 20. Ne4 Nxd5 21.
Nxc5 Nb4 22. Nd7+ Kg8 23. Qd2 Rcd8 24. Rxe7 Ne4 25. Rxe4 Rxe4 26. Bxd8 Qxd8 27. Nf6+ Qxf6 28. Rc8+ Bf8 29. h3 Kg7 30. a5 Bd6 31. h4 Qa1+ 32. Qc1 Qxa5 33. Nd2 Nd3 0-1

[Event "Early-Titled-Tuesday-Blitz-May-07-2024"]
[Site "Chess.com"]
[Date "2024.05.07"]
[Round "7"]
[White "santosalberto1987"]
[Black "unbreakablepawn35"]
[Result "1-0"]
[WhiteElo "2570"]
[BlackElo "2413"]
[TimeControl "180+1"]
[EndTime "9:20:32 PDT"]
[Termination "santosalberto1987 won by resignation"]

1. e4 d5 2. exd5 Qxd5 3. Nf3 Nf6 4. d4 g6 5. c4 Qd8 6. Nc3 Bg7 7. h3 O-O 8. Be2 c6 9. O-O Bf5 10. Re1 Ne4 11.
Nxe4 Bxe4 12. Be3 Bxf3 13. Bxf3 e6 14. d5 exd5 15. cxd5 Bxb2 16. Rb1 Bc3 17. dxc6 Nxc6 18. Qxd8 Raxd8 19. Rec1 Bd2 20. Bxd2 Rxd2 21. Rxb7 Nd4 22.
Rxa7 Re8 23. Rcc7 Re1+ 24. Kh2 Nxf3+ 25. gxf3 Rxf2+ 26. Kg3 Rb2 27. Rxf7 Rg1+ 28. Kf4 Rxa2 29. Rg7+ Kf8 30. Raf7+ Ke8 31. Rb7 Ra4+ 32. Ke3 Kf8 33.
Rxh7 Re1+ 34. Kf2 1-0

[Event "Early-Titled-Tuesday-Blitz-May-07-2024"]
[Site "Chess.com"]
[Date "2024.05.07"]
[Round "7"]
[White "wqws"]
[Black "Manukyan_Artak"]
[Result "1-0"]
[WhiteElo "2692"]
[BlackElo "2538"]
[TimeControl "180+1"]
[EndTime "9:20:33 PDT"]
[Termination "wqws won by resignation"]

1. e4 c6 2. d4 d5 3. e5 Bf5 4. h4 h5 5. c4 e6 6. Nc3 Na6 7. cxd5 exd5 8. Bd3 Bxd3 9. Qxd3 Nc7 10. f4 g6 11. f5 gxf5 12. Qxf5 Qd7 13. Qxd7+ Kxd7 14. Nge2 Ne6 15. O-O Ke8 16. Be3 Bh6 17. Bxh6 Nxh6 18. Rad1 Ng4 19. Rd3 Ke7 20. Nf4 Nxf4 21.
Rxf4 Rag8 22. Rdf3 Rg7 23. Ne2 Nh6 24. Rf6 Rg6 25.
Ng3 Rxf6 26. exf6+ Kd7 27. Nxh5 Ng4 28. Rf5 Ne3 29.
Re5 Nc2 30. Re7+ Kd6 31. Ng7 Nxd4 32. h5 Ne6 33. Rxf7 d4 34. Kf2 c5 35. g4 c4 36.
Rxb7 Nc5 37. Rxa7 Ne4+ 38. Kf3 Nxf6 39. Nf5+ Ke5 40. Ra5+ Nd5 41. Ne7 Rf8+ 42. Kg3 Ke4 43. Nxd5 d3 44. Nc3+ Ke3 45. h6 Kd2 46. Rf5 Rh8 47.
g5 Kc1 48. Rf2 d2 49. Rxd2 Kxd2 50. Ne4+ Kc2 51. Nd6 Kxb2 52. Nxc4+ Kxa2 53. Kg4 Kb3 54. Ne5 Kc3 55. Nf7 Ra8 56. h7 Kd4 57. h8=Q+ Rxh8 58. Nxh8 1-0

[Event "Early-Titled-Tuesday-Blitz-May-07-2024"]
[Site "Chess.com"]
[Date "2024.05.07"]
[Round "7"]
[White "mishanick"]
[Black "Mischuk_D"]
[Result "1-0"]
[WhiteElo "3037"]
[BlackElo "2804"]
[TimeControl "180+1"]
[EndTime "9:20:42 PDT"]
[Termination "mishanick won by checkmate"]

1. d4 d5 2. c4 e6 3. Nc3 c5 4. cxd5 cxd4 5. Qa4+ Bd7 6. Qxd4 exd5 7. Qe5+ Be6 8. e4 Nc6 9. Bb5 Nf6 10. Bg5 dxe4 11.
Rd1 Qc8 12. Bxf6 gxf6 13. Qxe4 a6 14. Ba4 f5 15. Qe3 Bg7 16. Nf3 O-O 17. O-O b5 18. Bb3 Re8 19. Qf4 Qb8 20. Qh4 h6 21. Nd5 Qd8 22.
Qg3 Kh8 23. Nc7 Qf6 24. Bxe6 fxe6 25. Nxa8 Rxa8 26. Rd6 Ne7 27. Re1 Qxb2 28. Rdxe6 Ng8 29. h4 Qxa2 30. Ne5 Rb8 31. Nf7+ Kh7 32. Qg6# 1-0

[Event "Early-Titled-Tuesday-Blitz-May-07-2024"]
[Site "Chess.com"]
[Date "2024.05.07"]
[Round "7"]
[White "Fh2411"]
[Black "IndianSchoolOfSuffering"]
[Result "1-0"]
[WhiteElo "2533"]
[BlackElo "2392"]
[TimeControl "180+1"]
[EndTime "9:20:46 PDT"]
[Termination "Fh2411 won by resignation"]

1. d4 Nf6 2. Nf3 g6 3. c4 Bg7 4. Nc3 d5 5. Bf4 c5 6. e3 O-O 7. Be5 cxd4 8. Bxd4 dxc4 9. Bxc4 Nc6 10. O-O Nxd4 11. Nxd4 a6 12. Be2 e5 13. Nb3 Qe7 14.
Na4 Rd8 15. Qc1 Bf5 16. Nb6 Rab8 17. Qc5 Qe8 18. Rfd1 Ne4 19. Qc7 Bf8 20. f3 Bd6 21. Qc1 Nf6 22. a3 Be6 23. Nc5 Qc6 24. Nxe6 fxe6 25.
Qxc6 bxc6 26. Nc4 Bc7 27. Kf1 Nd5 28. Rac1 Kf7 29. e4 Nf4 30. g3 Nxe2 31. Kxe2 a5 32. Rxd8 Rxd8 33. Rd1 Rb8 34. Rd7+ 1-0

[Event "Early-Titled-Tuesday-Blitz-May-07-2024"]
[Site "Chess.com"]
[Date "2024.05.07"]
[Round "7"]
[White "MasterKroket"]
[Black "Larina_Maria"]
[Result "1-0"]
[WhiteElo "2513"]
[BlackElo "2340"]
[TimeControl "180+1"]
[EndTime "9:20:46 PDT"]
[Termination "MasterKroket won by resignation"]

1. e4 c6 2. d4 d5 3. Nc3 dxe4 4.
Nxe4 Nf6 5. Nxf6+ exf6 6. c3 Bd6 7. Nf3 O-O 8. Be2 Re8 9. O-O Bg4 10. h3 Bh5 11.
Re1 Nd7 12. Nh2 Bg6 13. Bf3 Nf8 14. Nf1 Ne6 15. d5 cxd5 16. Qxd5 Rb8 17. Be3 b6 18. Rad1 Bc7 19. Qc6 Qc8 20. Rd7 Bh5 21. Red1 Bxf3 22. Qxf3 Nf8 23. R7d5 Rd8 24. Bf4 Rxd5 25. Rxd5 Bxf4 26.
Qxf4 Ne6 27. Qd2 Qe8 28. c4 h6 29. b3 Nc5 30. Ne3 Ne6 31. Nf5 Rd8 32. g3 Kh7 33. Qd3 g6 34. Ne3 Nc5 35. Rxd8 1-0

[Event "Early-Titled-Tuesday-Blitz-May-07-2024"]
[Site "Chess.com"]
[Date "2024.05.07"]
[Round "7"]
[White "LamaChampetre"]
[Black "RusPakhom"]
[Result "0-1"]
[WhiteElo "2221"]
[BlackElo "2361"]
[TimeControl "180+1"]
[EndTime "9:20:46 PDT"]
[Termination "RusPakhom won by resignation"]

1. d4 Nf6 2. c4 g6 3. Nc3 Bg7 4. e4 d6 5. Nf3 O-O 6. h3 e5 7. d5 Na6 8. Be3 Nc5 9. Nd2 a5 10. g4 c6 11. Be2 cxd5 12. cxd5 Bd7 13. a4 Rc8 14. h4 Qb6 15. Nc4 Qc7 16. f3 h5 17. g5 Ne8 18. Rc1 f5 19. gxf6 Nxf6 20. Rg1 Kh7 21. Bd3 Nxd3+ 22. Qxd3 Qxc4 23. Qd2 Qb4 24. Qg2 Be8 25. Rc2 Nd7 26. Bd2 Qb6 27. Kd1 Nc5 28.
Qh3 Bf7 29. Be3 Qb3 30. Qh2 Nxa4 31. Ke1 Nxc3 32. bxc3 Rxc3 0-1

[Event "Early-Titled-Tuesday-Blitz-May-07-2024"]
[Site "Chess.com"]
[Date "2024.05.07"]
[Round "7"]
[White "TitarovVasiliYouTube"]
[Black "Alexandr_Kholin"]
[Result "0-1"]
[WhiteElo "2611"]
[BlackElo "2501"]
[TimeControl "180+1"]
[EndTime "9:20:47 PDT"]
[Termination "Alexandr_Kholin won by resignation"]

1. c4 c6 2. g3 Nf6 3. Bg2 e5 4. d3 Bc5 5. Nf3 d6 6. O-O O-O 7. Nc3 a5 8. d4 exd4 9. Nxd4 Re8 10. e4 Nbd7 11. Nb3 Bb4 12. Qc2 Bxc3 13. bxc3 a4 14. Nd4 Nc5 15. Re1 a3 16. Bf4 Ng4 17. Rad1 Qf6 18. Nb3 Ne5 19. Rd4 Ne6 20. Bxe5 dxe5 21. Rdd1 h5 22. h4 g6 23. c5 Qe7 24. Nd2 Nxc5 25. Nc4 Bg4 26. f3 Be6 27. Bf1 Na4 28. Nxe5 Qc5+ 29. Qf2 Qxe5 30. f4 Qxc3 31. f5 gxf5 32.
exf5 Bd5 33. Rxe8+ Rxe8 34. Qf4 Qe3+ 35. Qxe3 Rxe3 36.
Kf2 Rf3+ 37. Ke2 Nc3+ 38. Kd2 Nxd1 0-1

[Event "Early-Titled-Tuesday-Blitz-May-07-2024"]
[Site "Chess.com"]
[Date "2024.05.07"]
[Round "7"]
[White "cycygogne"]
[Black "Arteler"]
[Result "0-1"]
[WhiteElo "2164"]
[BlackElo "2327"]
[TimeControl "180+1"]
[EndTime "9:20:47 PDT"]
[Termination "Arteler won by resignation"]

1. e4 e5 2. Nf3 d6 3. d4 exd4 4. Nxd4 Nf6 5. Nc3 Be7 6. Bf4 O-O 7. f3 Nc6 8. Qd2 a6 9. O-O-O Nxd4 10. Qxd4 b5 11.
g4 Rb8 12. h4 b4 13. Nd5 Nxd5 14. Qxd5 Be6 15. Qd2 c5 16. Kb1 Qa5 17. b3 Rfd8 18. Bc4 Bxc4 19. bxc4 Bf6 20. g5 Bd4 21. Be3 Bc3 22.
Qc1 Qb6 23. Rd5 a5 24. Rhd1 a4 25. Bf4 b3 26. cxb3 axb3 27. a3 Bd4 28. R1xd4 cxd4 29. c5 Qa6 30. Bxd6 Qd3+ 31. Kb2 Qe2+ 0-1